 Dungeon Crawl Stone Soup version 0.27.1-4-g1640c2035a (webtiles) character file.

Game seed: 6092682211825141319

99 styxcanada the Covert (level 4, -1/23 HPs)
             Began as a Spriggan Brigand on Nov 13, 2021.
             Slain by an orc (4 damage)
             ... on level 4 of the Dungeon on Nov 14, 2021.
             The game lasted 00:09:17 (3360 turns).

styxcanada the Covert (Spriggan Brigand)            Turns: 3360, Time: 00:09:18

Health: -1/23      AC:  3    Str:  7    XL:     4   Next: 45%
Magic:  5/5        EV: 17    Int: 12    God:
Gold:   125        SH:  0    Dex: 17    Spells: 3/3 levels left

rFire    . . .     SeeInvis +   a - +2 dagger
rCold    . . .     Faith    .   (shield restricted)
rNeg     . . .     Spirit   .   b - +0 robe
rPois    .         Reflect  .   (helmet restricted)
rElec    .         Harm     .   c - +0 cloak
rCorr    .         Rampage  .   (gloves unavailable)
Will     .....                  (boots unavailable)
Stlth    ++++......             (no amulet)
HPRegen  0.07/turn              (no ring)
MPRegen  0.09/turn              (no ring)

@: very quick
A: very small, no large weapons, unfitting armour, see invisible, speed 3
a: no special abilities


You were on level 4 of the Dungeon.
You visited 1 branch of the dungeon, and saw 4 of its levels.

You collected 151 gold pieces.
You spent 26 gold pieces at shops.

Inventory:

Hand Weapons
 a - a +2 dagger (weapon)
 l - a +0 hunting sling
Missiles
 h - 62 stones (quivered)
 k - 11 sling bullets
Armour
 b - a +0 robe (worn)
 c - a +0 cloak (worn)
Scrolls
 f - 2 scrolls of immolation
 g - 2 scrolls of amnesia {unknown}
 i - 4 scrolls of identify
 j - a scroll of noise {unknown}
 m - 2 scrolls of teleportation {unknown}
 n - a scroll of silence {unknown}
Potions
 o - a potion of heal wounds {unknown}


   Skills:
 * Level 2.1 Fighting
 + Level 2.4 Short Blades
 + Level 0.2(1.6) Slings
 + Level 2.2 Throwing
 * Level 2.0 Dodging
 * Level 8.1 Stealth


You had 3 spell levels left.
You didn't know any spells.
Your spell library was empty.

Dungeon Overview and Level Annotations

Branches:
Dungeon (4/15)
 Temple: D:4-7

Altars:
Ru
The Shining One

Shops:
D:2 *


Innate Abilities, Weirdness & Mutations

You are very small and have problems with some larger weapons.
You are too small for most types of armour.
You have supernaturally acute eyesight. (SInv)
You cover ground extremely quickly. (Speed+++)


Message History

The orc is heavily wounded.
The orc barely misses you.
An endoplasm comes into view.
The dart slug barely misses you.
The endoplasm quivers.
You hit the orc but do no damage.
The orc is heavily wounded.
The orc hits you with a +0 flail of protection!
The dart slug misses you.
You barely miss the orc.
The orc is heavily wounded.
The orc hits you with a +0 flail of protection.
You hit the orc.
The orc is severely wounded.
The dart slug misses you. The orc misses you.
You barely miss the orc.
The orc is severely wounded.
The orc barely misses you.
You closely miss the orc.
The orc is severely wounded.
The dart slug misses you. The orc closely misses you.
You hit the orc but do no damage.
The orc is severely wounded.
The dart slug bites you but does no damage.
You hit the orc.
The orc is almost dead.
The orc barely misses you.
You barely miss the orc.
The orc is almost dead.
The orc hits you with a +0 flail of protection!
* * * LOW HITPOINT WARNING * * *
The dart slug bites you but does no damage.
You hit the orc but do no damage.
The orc is severely wounded.
The orc barely misses you.
You hit the orc but do no damage.
The orc is heavily wounded.
The dart slug closely misses you.
The orc hits you with a +0 flail of protection.
You die...

.. . .## .. ..#### ...
#.#.. .... #.#.# .....
#...#
.....J########..########
.....Sw@o.....(.((.(.(.(
......#########..#######
..... .....# ....
..####..# ... ##.# .. .#
# .# .o


You could see a dart slug, an orc, an endoplasm and a ball python.

Vanquished Creatures
  A hound skeleton (D:2)
  3 adders
  2 worms (D:3)
  3 dart slugs
  5 orcs
  3 ball pythons
  3 endoplasms
  A goblin (D:2)
  4 hobgoblins
  3 quokkas (D:1)
  A bat (D:2)
  3 frilled lizards (D:2)
  6 kobolds
  5 rats
43 creatures vanquished.

Notes
Turn   | Place    | Note
-------+----------+-------------------------------------------
     0 | D:1      | styxcanada the Spriggan Brigand began the quest for the
                  | Orb.
     0 | D:1      | Reached XP level 1. HP: 10/10 MP: 2/2
    22 | D:1      | Reached skill level 6 in Stealth
   476 | D:1      | Reached XP level 2. HP: 15/15 MP: 3/3
  1229 | D:2      | Reached skill level 7 in Stealth
  1229 | D:2      | Reached XP level 3. HP: 13/18 MP: 4/4
  1375 | D:2      | Found Cotzaemm's General Store.
  1379 | D:2      | Bought a scroll of identify for 26 gold pieces
  2297 | D:2      | Found a faded altar of an unknown god.
  2430 | D:3      | Found a sacrificial altar of Ru.
  2623 | D:3      | Found a glowing golden altar of the Shining One.
  2754 | D:3      | Reached XP level 4. HP: 23/23 MP: 5/5
  2901 | D:3      | Reached skill level 8 in Stealth
  3360 | D:4      | Slain by an orc

Illustrated notes

Levels and vault maps discovered:
D:1:      minmay_arrival_four_loops, layout_basic
D:2:      layout_basic, serial_shops, shop, basic_ecumenical_altar,
          minmay_misc_feat_columns
D:3:      layout_basic, hangedman_ru_absence, nicolae_tso_swordbearing_angel
D:4:      layout_rooms

Skill      XL: |  1  2  3  4 |
---------------+-------------+-----
Stealth        | 6 7 8 |  8.1
Fighting       | 2 |  2.1
Dodging        | 2 |  2.0
Short Blades   | |  2.4
Slings         | |  0.2
Throwing       | |  2.2

Action                   |  1- 3 |  4- 6 || total
-------------------------+-------+-------++-------
Melee: Dagger            |    83 |    47 ||   130
 Fire: Hunting sling     |     3 |    11 ||    14
Throw: Dart              |    18 |    15 ||    33
  Use: Scroll            |     1 |       ||     1
 Stab: Sleeping          |    11 |       ||    11
       Distracted        |     1 |     1 ||     2
Armor: Robe              |    12 |    10 ||    22
Dodge: Dodged            |    37 |    35 ||    72
